 Dungeon Crawl Stone Soup version 0.31.0-2-g5a2aebc5c2 (webtiles) character file.

Game seed: 1857885077358177503

27 raph the Firebug (level 2, -2/15 HPs)
             Began as a Deep Elf Fire Elementalist on Jan 20, 2024.
             Killed from afar by Sigmund (10 damage)
             ... with a puff of flame
             ... on level 2 of the Dungeon.
             The game lasted 00:01:43 (1242 turns).

raph the Firebug (Deep Elf Fire Elementalist)       Turns: 1242, Time: 00:01:44

Health: -2/15      AC:  2    Str:  5    XL:     2   Next: 93%
Magic:  8/8        EV: 13    Int: 19    God:
Gold:   25         SH:  0    Dex: 15    Spells: 4/7 levels left

rFire   . . .        g - +5 spear
rCold   . . .        (no shield)
rNeg    . . .        a - +0 robe
rPois   .            (no helmet)
rElec   .            (no cloak)
rCorr   .            (no gloves)
SInv    .            (no boots)
Will    .....        (no amulet)
Stlth   ++           (no ring)
HPRegen 0.22/turn    (no ring)
MPRegen 0.11/turn

%: no passive effects
@: no status effects
A: no striking features
a: no special abilities


You were on level 2 of the Dungeon.
You visited 1 branch of the dungeon, and saw 2 of its levels.

You collected 25 gold pieces.

Inventory:

Hand Weapons
 c - a +0 dagger
 g - a +5 spear (weapon)
Missiles
 e - 2 atropa-tipped darts
Armour
 a - a +0 robe (worn)
Potions
 b - a potion of magic
 d - a potion of haste {unknown}
 h - a potion of heal wounds {unknown}


   Skills:
 + Level 2.7 Dodging
 - Level 2.4 Stealth
 + Level 3.2 Spellcasting
 * Level 2.2 Conjurations
 * Level 3.7 Fire Magic


You had 4 spell levels left.
You knew the following spells:

 Your Spells              Type           Power      Damage    Failure   Level
a - Foxfire               Conj/Fire      56%        2x1d6     4%          1
b - Scorch                Fire           34%        2d6       4%          2

Your spell library contained the following spells:

 Spells                   Type           Power      Damage    Failure   Level
 Inner Flame              Hex/Fire       10%        N/A       21%         3
 Volatile Blastmotes      Fire/Tloc      20%        2d11      21%         3
 Flame Wave               Conj/Fire      14%        2d6       41%         4


Dungeon Overview and Level Annotations

Branches:
Dungeon (2/15)

Altars:

Annotations:
D:2 Sigmund


Message History

Flames lash the ribbon worm.
The ribbon worm is burned terribly!
The ribbon worm is heavily wounded.
The ribbon worm bites you.
Casting: Scorch (safe; 4% risk of failure)
Confirm with . or Enter, or press ? or * to list all spells.
Flames lash the ribbon worm.
The ribbon worm is burned terribly!
The ribbon worm is almost dead.
Casting: Scorch (safe; 4% risk of failure)
Confirm with . or Enter, or press ? or * to list all spells.
You conjure some foxfire!
The ribbon worm closely misses you.
The foxfire hits the ribbon worm.
The ribbon worm is burned terribly!
You kill the ribbon worm!
You start resting.
Your foxfire dissipates!
You start resting.
HP restored.
You start resting.
Magic restored.
You start waiting.
Done waiting.
As you open the door, it creaks loudly!
You hear a shout!
A dart slug comes into view.
Sigmund the Dreaded comes into view.
He is wielding a +1 scythe of flaming.
There is an open door here.
Sigmund casts a spell.
Sigmund flickers and vanishes!
Deactivating autopickup; reactivate with Ctrl-A.
You are confused.
There is an open door here.
You bump into the rock wall.
You bump into the rock wall.
A puff of flame appears from out of thin air!
The puff of flame hits you!
Ouch! That really hurt!
You bump into the rock wall.
You feel less confused.
A puff of flame appears from out of thin air!
The puff of flame hits you!
Ouch! That really hurt!
You die...

# ##.......##
###.#..###
##.....## ####.#
##...## #.# ##'##
#.# ######{####
#.# #.........#
#.# #.####.##.#
##...#.#
#..@...#.# #
##.........
.####.###..##.#.##
.......<..## .# #
#####.##### # #


There were no monsters in sight!

Vanquished Creatures
  A dart slug (D:1)
  A ribbon worm (D:2)
  An orc (D:2)
  2 endoplasms (D:1)
  3 goblins (D:1)
  4 hobgoblins
  A quokka (D:1)
  4 bats (D:1)
  A frilled lizard (D:1)
  3 kobolds (D:1)
  A rat (D:1)
22 creatures vanquished.

Vanquished Creatures (others)
  52 foxfires
52 creatures vanquished.

Grand Total: 74 creatures vanquished

Notes
Turn   | Place    | Note
-------+----------+-------------------------------------------
     0 | D:1      | raph the Deep Elf Fire Elementalist began the quest for the
                  | Orb.
     0 | D:1      | Reached XP level 1. HP: 10/10 MP: 6/6
   159 | D:1      | Reached XP level 2. HP: 15/15 MP: 4/8
   166 | D:1      | Learned a level 2 spell: Scorch
  1227 | D:2      | Noticed Sigmund
  1242 | D:2      | Killed from afar by Sigmund

Illustrated notes

Levels and vault maps discovered:
D:1:      dpeg_arrival_lava_temple_mockup, layout_rooms
D:2:      layout_loops_corners, hellmonk_ecumenical_altar_defaced_shrine,
          kennysheep_generic_room_10, uniq_sigmund

Skill      XL: |  1  2 |
---------------+-------+-----
Conjurations   | 2 |  2.2
Dodging        | |  2.7
Stealth        | |  2.4
Spellcasting   | |  3.2
Fire Magic     | |  3.7

Action                     || total
---------------------------++-------
  Melee: Spear             ||     2
   Cast: Foxfire           ||    30
         Scorch            ||    12
    Use: Scroll            ||     1
 Armour: Robe              ||    13
  Dodge: Dodged            ||     7
